 Dungeon Crawl Stone Soup version 0.20-a0-1023-gc4d110f (webtiles) character file.

5571 M4edhros the Covert (level 10, -5/73 HPs)
             Began as an Octopode Artificer on Apr 19, 2017.
             Slain by a five-headed hydra (15 damage)
             ... on level 10 of the Dungeon.
             The game lasted 00:26:41 (5035 turns).

M4edhros the Covert (Octopode Artificer)            Turns: 5035, Time: 00:26:41

Health: -5/73      AC:  6    Str: 12    XL:     10   Next: 72%
Magic:  12/12      EV: 19    Int: 14    God:
Gold:   312        SH:  2    Dex: 15    Spells: 9/9 levels left

rFire    . . .     SeeInvis .   R - +5 lajatang (vamp)
rCold    + . .     Gourm    .   (shield currently unavailable)
rNeg     + . .     Faith    .   (helmet restricted)
rPois    .         Spirit   .   I - +2 amulet of reflection
rElec    .         Reflect  +   h - ring of protection from cold
rCorr    .         Harm     .   w - +5 ring of protection
MR       .....                  P - ring of positive energy
Stlth    ++++++....             (no ring)
Regen    0.3/turn               (no ring)
MPRegen  0.2/turn               (no ring)
                                (no ring)
                                (no ring)

@: no status effects
A: almost no armour, stealthy swim, amphibious, 8 rings, constrict 8, camouflage
1, gelatinous body 1
a: no special abilities


You were on level 10 of the Dungeon.
You were not hungry.

You visited 2 branches of the dungeon, and saw 11 of its levels.

You collected 445 gold pieces.
You spent 133 gold pieces at shops.

Inventory:

Hand Weapons
 g - a +2 dagger of venom
 N - a +0 blowgun
 R - a +5 vampiric lajatang (weapon)
Missiles
 M - 3 curare-tipped needles
Magical Staves
 p - an uncursed staff of conjuration
Jewellery
 h - a ring of protection from cold (left tentacle)
 w - a +5 ring of protection (right tentacle)
 x - an uncursed ring of ice
 I - a +2 amulet of reflection (around mantle)
 J - an uncursed ring of ice
 P - a ring of positive energy (on tentacle)
Wands
 b - a wand of flame (3/48)
 c - a wand of enslavement (2/24)
 d - a wand of random effects (7/48)
 q - a wand of polymorph (1/24)
 s - a wand of lightning (2/15)
 E - a wand of polymorph (15/24)
 K - a wand of lightning (3/15)
 Q - a wand of scattershot (5/9)
Scrolls
 e - a scroll of teleportation
 i - 3 scrolls of recharging
 m - 2 scrolls of blinking {unknown}
 o - 8 scrolls of remove curse
 u - 3 scrolls of fog {unknown}
 v - a scroll of random uselessness {unknown}
 y - a scroll of enchant armour
 C - a scroll of immolation
 D - 2 scrolls of amnesia
 L - a scroll of vulnerability
Potions
 a - 2 potions of might
 l - 3 potions of flight
 t - a potion of brilliance {unknown}
 A - 5 potions of haste
 B - a potion of degeneration {unknown}
 F - a potion of magic {unknown}
 G - a potion of mutation {unknown}
 H - a potion of heal wounds {unknown}
 O - a potion of agility {unknown}
Comestibles
 f - 9 bread rations
 j - 2 royal jellies
 n - 4 meat rations
 r - 4 fruits
 z - 4 chunks of flesh


   Skills:
 + Level 8.5 Fighting
 - Level 1.0 Short Blades
 * Level 0.6 Staves
 + Level 8.9 Dodging
 + Level 13.5 Stealth
 - Level 3.2 Evocations


You had 9 spell levels left.
You didn't know any spells.

Dungeon Overview and Level Annotations

Branches:
Dungeon (10/15)            Temple (1/1) D:4            Lair (0/6) D:10
    Orc: D:9-12

Altars:
Ashenzari
Dithmenos
Elyvilon
Fedhas
Gozag
Hepliaklqana
Kikubaaqudgha
Makhleb
Nemelex Xobeh
Okawaru
Qazlal
Ru
Sif Muna
Trog
Uskayaw
Vehumet
Wu Jian
Xom
Yredelemnul
Zin
The Shining One

Shops:
D:6 *   D:8 ?   D:9 *=

Annotations:
D:3 crossborder's ghost, amateur HOFi
D:4 yrara's ghost, novice DsFi


Innate Abilities, Weirdness & Mutations

You cannot wear most types of armour.
You are very stealthy in the water. (Stealth+)
You are amphibious.
You can wear up to eight rings at the same time.
You can use your tentacles to constrict eight enemies at once.
Your skin changes colour to match your surroundings (Stealth+).
Your rubbery body absorbs attacks. (AC +1, EV +1)


Message History

The bolt of lightning misses the five-headed hydra.
This wand has 3 charges left.
The five-headed hydra barely misses you.
The five-headed hydra misses you. The five-headed hydra bites you.
The five-headed hydra bites you!
The five-headed hydra completely misses you.
Unknown command.
Unknown command.
Evoke which item? (* to show all) (? for menu, Esc to quit)
Aiming: Lightning Bolt
Press: ? - help, Shift-Dir - straight line You hear a mighty clap of thunder!
The bolt of lightning hits the five-headed hydra.
The five-headed hydra is almost dead.
This wand has 2 charges left.
The five-headed hydra bites you! x2
* * * LOW HITPOINT WARNING * * *
The five-headed hydra bites you!
* * * LOW HITPOINT WARNING * * *
The five-headed hydra bites you!
You die...

#.# #.##### #.#
#.....# #[# #D###.#
#.# .... #####'####
#..... #........#
#..###. #........# #..
. #........# #...
.....# #.......@#
#.###.....#
#.).....D###.........#
#....)...'.##........#
#.....)..#.##........#
#...<...[#.##........#
#........#..#........#
###########..........#
###........#
##########


You could see a five-headed hydra.

Vanquished Creatures
  2 two-headed ogres (D:8)
  A troll (D:10)
  3 yaks (D:9)
  2 hungry ghosts
  Eustachio (D:5)
  2 water moccasins (D:9)
  A sky beast (D:10)
  An orc warrior (D:9)
  An ice beast (D:7)
  An eye of draining (D:8)
  2 wolves
  A necrophage (D:8)
  4 ogres
  5 centaurs
  A crocodile (D:8)
  A bullfrog (D:6)
  4 scorpions
  A wyvern skeleton (D:7)
  4 killer bees (D:8)
  3 bullfrog zombies
  A jelly (D:8)
  2 quasits
  5 hounds
  3 orc priests
  4 centaur skeletons
  A gnoll shaman (D:7)
  An orc wizard (D:9)
  Ijyb (D:4)
  6 worker ants
  6 gnolls
  7 adders
  3 shadow imps
  2 adder skeletons (D:6)
  3 adder zombies
  2 worms
  4 dart slugs
  3 leopard geckos
  16 orcs
  6 giant cockroaches
  4 goblins
  10 hobgoblins
  5 jackals
  7 kobolds
  5 quokkas
  A ball python (D:5)
  9 bats
  2 frilled lizards (D:1)
  5 rats
165 creatures vanquished.

Vanquished Creatures (collateral kills)
  A yak (D:10)
  An electric eel (D:10)
  A hound (D:10)
  An orc priest (D:10)
  2 orc wizards (D:10)
6 creatures vanquished.

Vanquished Creatures (others)
  A wolf (D:10)
  2 electric eels (D:10)
  A jelly (D:10)
4 creatures vanquished.

Grand Total: 175 creatures vanquished

Notes
Turn   | Place    | Note
-------+----------+-------------------------------------------
     0 | D:1      | M4edhros the Octopode Artificer began the quest for the Orb.
     0 | D:1      | Reached XP level 1. HP: 13/13 MP: 3/3
    63 | D:1      | Reached skill level 2 in Stealth
   141 | D:1      | Reached XP level 2. HP: 14/18 MP: 4/4
   167 | D:1      | Reached skill level 3 in Stealth
   342 | D:3      | Reached skill level 4 in Stealth
   374 | D:3      | Reached XP level 3. HP: 16/23 MP: 5/5
   453 | D:4      | Noticed Ijyb
   454 | D:4      | Reached skill level 5 in Stealth
   463 | D:4      | Killed Ijyb
   463 | D:4      | Reached XP level 4. HP: 24/28 MP: 6/6
   473 | D:4      | Reached skill level 6 in Stealth
   478 | D:4      | Reached skill level 7 in Stealth
   478 | D:4      | Reached XP level 5. HP: 12/33 MP: 7/7
   479 | D:4      | Noticed yrara's ghost (novice DsFi)
   560 | D:4      | Found a sacrificial altar of Ru.
   588 | D:4      | Noticed an ogre
   594 | D:4      | Killed an ogre
   594 | D:4      | Reached XP level 6. HP: 30/39 MP: 8/8
   607 | D:5      | Entered Level 5 of the Dungeon
   737 | D:5      | Reached skill level 8 in Stealth
   759 | D:5      | Reached XP level 7. HP: 30/45 MP: 9/9
   834 | D:5      | Noticed Eustachio
   841 | D:5      | Killed Eustachio
   919 | D:6      | Found Ciul's General Store.
  1127 | D:7      | Reached skill level 9 in Stealth
  1153 | D:7      | Reached XP level 8. HP: 51/54 MP: 10/10
  1250 | D:7      | Reached skill level 5 in Dodging
  1326 | D:7      | Reached skill level 10 in Stealth
  1346 | D:7      | HP: 1/54 [gnoll/spear (11)]
  1381 | D:7      | Reached skill level 5 in Fighting
  1707 | D:6      | Found a radiant altar of Vehumet.
  1707 | D:6      | Found a glowing silver altar of Zin.
  1709 | D:6      | Found an ornate altar of the Wu Jian Council.
  1756 | D:6      | Found a bloodstained altar of Trog.
  2093 | D:4      | Found a staircase to the Ecumenical Temple.
  2104 | Temple   | Entered the Ecumenical Temple
  2400 | D:3      | Noticed crossborder's ghost (amateur HOFi)
  3202 | D:6      | Found an opulent altar of Gozag.
  3240 | D:8      | Found Ydiul's Magic Scroll Boutique.
  3249 | D:8      | Reached XP level 9. HP: 55/61 MP: 11/11
  3276 | D:8      | Noticed a two-headed ogre
  3304 | D:8      | Killed a two-headed ogre
  3304 | D:8      | Reached skill level 11 in Stealth
  3325 | D:8      | Bought a scroll of enchant weapon for 82 gold pieces
  3536 | D:8      | Found a bloodstained altar of Trog.
  3612 | D:8      | Noticed a two-headed ogre
  3618 | D:8      | Reached skill level 12 in Stealth
  3646 | D:8      | Killed a two-headed ogre
  3646 | D:8      | Reached XP level 10. HP: 41/71 MP: 12/12
  3835 | D:9      | Found Kuykewky's Serpentskin Sales.
  3865 | D:9      | Bought 3 curare-tipped needles for 21 gold pieces
  3865 | D:9      | Bought a +0 blowgun for 30 gold pieces
  4232 | D:9      | Reached skill level 13 in Stealth
  4486 | D:9      | Found Gilugg's Jewellery Emporium.
  4520 | D:10     | Entered Level 10 of the Dungeon
  4520 | D:10     | Noticed a five-headed hydra
  4933 | D:10     | Found a staircase to the Lair.
  5035 | D:10     | Slain by a five-headed hydra

Vault maps used:
D:1:      dpeg_arrival_stone_temple_mockup, minmay_heptomino_w4
D:3:      first_bread
D:4:      cheibrodos_helix_gallery, minmay_temple_entry_fiery,
          nicolae_ru_awakened_eye, uniq_iyjb
D:5:      slow_altar_2, uniq_eustachio
D:6:      nicolae_overflow_hidden_temple, serial_shops, shop,
          grunt_decor_one_mirror
D:8:      serial_shops, shop, grunt_ogre_cave, trog_eyes_of_draining
D:9:      orc_0_dummy, serial_shops, nicolae_shop_stone, guppyfry_shop_venom
D:10:     erik_lair_island, serial_shops, kennysheep_mini_moat,
          minmay_misc_feat_columns, uniq_sonja
Temple:   regret_index_temple_sphere_string

Skill      XL: |  1  2  3  4  5  6  7  8  9 10 |
---------------+-------------------------------+-----
Stealth        | 2 4 5 7 8 9 10 12 13 | 13.5
Fighting       | 2 4 5 7 8 |  8.5
Dodging        | 3 4 6 8 |  8.9
Short Blades   | |  1.0
Staves         | |  0.6
Evocations     | |  3.2

Action                   |  1- 3 |  4- 6 |  7- 9 | 10-12 || total
-------------------------+-------+-------+-------+-------++-------
Melee: Dagger            |    34 |    23 |   202 |   137 ||   396
       Short sword       |     3 |       |       |       ||     3
       Constrict         |     8 |     3 |    40 |    27 ||    78
       Tentacles         |     8 |     3 |    50 |    42 ||   103
       Lajatang          |       |       |       |    13 ||    13
Evoke: Wand              |       |     8 |    11 |    24 ||    43
  Use: Scroll            |       |       |    14 |     6 ||    20
       Potion            |       |       |     4 |       ||     4
 Stab: Sleeping          |    12 |     4 |    35 |     5 ||    56
  Eat: Chunk             |       |       |     9 |     5 ||    14
       Royal jelly       |       |       |       |     5 ||     5
Armor: Skin              |     1 |     3 |    33 |    23 ||    60
Dodge: Dodged            |    15 |     8 |   154 |   133 ||   310
Block: Other             |       |       |    13 |    12 ||    25
       Reflection        |       |       |     1 |       ||     1
